 Dungeon Crawl Stone Soup version 0.28-a0-728-g0181a31188 (webtiles) character file.

Game seed: 13516824433197522431

2 Ijustatesigmund the Covert (level 1, -2/23 HPs)
             Began as a Gnoll Delver on Oct 28, 2021.
             Slain by Dowan (8 damage)
             ... on level 4 of the Dungeon.
             The game lasted 00:01:35 (246 turns).

Ijustatesigmund the Covert (Gnoll Delver)            Turns: 246, Time: 00:01:36

Health: -2/23      AC:  3    Str: 11    XL:     1   Next: 40%
Magic:  1/1        EV: 13    Int:  9    God:
Gold:   5          SH:  0    Dex: 13    Spells: 0/0 levels left

rFire   . . .      SeeInvis .   j - +4 dagger
rCold   . . .      Faith    .   (no shield)
rNeg    . . .      Spirit   .   b - +0 leather armour
rPois   .          Reflect  .   (no helmet)
rElec   .          Harm     .   (no cloak)
rCorr   .          Rampage  .   (no gloves)
Will    .....                   (no boots)
Stlth   ++++......              (no amulet)
HPRegen 0.07/turn               (no ring)
MPRegen 0.07/turn               (no ring)

@: weak-willed, hasted, very quick
A: fangs 1, strong nose, distributed training
a: no special abilities


You were on level 4 of the Dungeon.
You visited 1 branch of the dungeon, and saw 2 of its levels.

You collected 5 gold pieces.

Inventory:

Hand Weapons
 a - a +0 hand axe
 j - a +4 dagger (weapon)
Missiles
 h - 13 poisoned darts (quivered)
Armour
 b - a +0 leather armour (worn)
Wands
 g - a wand of digging (3)
Scrolls
 c - a scroll of fog
 d - a scroll of magic mapping


   Skills:
 + Level 6.4 Fighting
 + Level 0.0 Short Blades
 + Level 0.0 Long Blades
 + Level 4.4 Axes
 + Level 0.0 Maces & Flails
 + Level 0.0 Polearms
 + Level 0.0 Staves
 + Level 0.0 Slings
 + Level 0.0 Bows
 + Level 0.0 Crossbows
 + Level 0.0 Throwing
 + Level 0.0 Armour
 + Level 4.4 Dodging
 + Level 9.5 Stealth
 + Level 0.0 Shields
 + Level 0.0 Unarmed Combat
 + Level 0.0 Spellcasting
 + Level 0.0 Conjurations
 + Level 0.0 Hexes
 + Level 0.0 Summonings
 + Level 0.0 Necromancy
 + Level 0.0 Translocations
 + Level 0.0 Transmutations
 + Level 0.0 Fire Magic
 + Level 0.0 Ice Magic
 + Level 0.0 Air Magic
 + Level 0.0 Earth Magic
 + Level 0.0 Poison Magic
 + Level 0.1 Invocations
 + Level 0.0 Evocations


You couldn't memorise any spells.
You didn't know any spells.
Your spell library was empty.

Dungeon Overview and Level Annotations

Branches:
Dungeon (5/15)
 Temple: D:4-7

Altars:

Annotations:
D:4 Dowan, Duvessa


Innate Abilities, Weirdness & Mutations

You have very sharp teeth.
Your uncanny sense of smell can sniff out nearby items.
Your experience applies equally to all skills.


Message History

You see here a scroll labelled HADGHEGHI NEAH.
e - a scroll labelled HADGHEGHI NEAH You hit the ball python.
You kill the ball python!
You see here a ball python corpse.
A hound comes into view.
An adder comes into view.
A goblin comes into view. It is wielding a +0 dagger.
Duvessa, Sister of Dowan comes into view.
She is wielding a +0 short sword and wearing a +2 leather armour of willpower.
Dowan, Brother of Duvessa comes into view.
He is wielding a +6 dagger of venom.
Duvessa shouts!
Dowan shouts!
The adder hisses angrily.
The goblin shouts!
The adder bites you.
You hit the hound.
The hound is moderately wounded.
The hound bites you. The adder closely misses you.
You closely miss the hound.
The hound is moderately wounded.
The hound bites you. The adder misses you.
An adder skeleton comes into view.
The hound barely misses you.
Dowan gestures wildly while chanting.
Dowan blinks!
The adder bites you.
As you read the scroll labelled HADGHEGHI NEAH, it crumbles to dust.
Magic quickly surges around you.
It was a scroll of vulnerability.
Duvessa hits you with a +0 short sword.
* * * LOW HITPOINT WARNING * * *
The hound bites you.
* * * LOW HITPOINT WARNING * * *
The adder bites you but does no damage.
Dowan casts a spell.
Dowan blinks!
You feel much better. The hound misses you.
Duvessa hits you with a +0 short sword. The adder barely misses you.
The hound barely misses you. Dowan barely misses you.
You feel yourself speed up. Duvessa hits you with a +0 short sword.
The adder barely misses you. The hound bites you.
* * * LOW HITPOINT WARNING * * *
Dowan hits you with a +6 dagger of venom!
You die...

#....#####.##
#...........#
∆#.....#####.#
###.#..#
#......#
#.##.#.## #.
#....# .
#..e.# #..@.#
#.ehS# ##.g.#
.#..# #..Z.#
#..§.# #.#..#
##...#


You could see Duvessa (weak-willed), Dowan (weak-willed), a hound (weak-willed),
an adder (weak-willed), a goblin (weak-willed) and an adder skeleton
(weak-willed).

Vanquished Creatures
  A ball python (D:4)
  A giant cockroach (D:4)
2 creatures vanquished.

Notes
Turn   | Place    | Note
-------+----------+-------------------------------------------
     0 | D:5      | Reached skill level 9 in Stealth
     0 | D:5      | Ijustatesigmund the Gnoll Delver began the quest for the
                  | Orb.
     0 | D:5      | Reached XP level 1. HP: 23/23 MP: 1/1
    17 | D:5      | Noticed an orc priest
    80 | D:5      | Noticed an ogre
   159 | D:5      | Noticed an ogre
   234 | D:4      | Noticed a hound
   238 | D:4      | Noticed Duvessa
   239 | D:4      | Noticed Dowan
   246 | D:4      | Slain by Dowan

Illustrated notes

Levels and vault maps discovered:
D:4:      wad_river_or_something, layout_basic, grunt_temple_overflow_open,
          minmay_temple_entry_tees, enter_ossuary_5, serial_shops, shop,
          minmay_misc_feat_x, hangedman_decor_clover_reticule,
          minmay_shop_grid_forest, uniq_duvessa, uniq_grinder, uniq_ijyb
D:5:      layout_basic, gammafunk_temple_overflow_forgotten,
          gammafunk_ghost_smash, st_stairs_10

Skill      XL: | |
---------------+-+-----
Stealth        | |  9.5
Fighting       | |  6.4
Axes           | |  4.4
Dodging        | |  4.4
Invocations    | |  0.1

Action                   || total
-------------------------++-------
Melee: Dagger            ||     5
  Use: Scroll            ||     3
       Potion            ||     2
 Stab: Sleeping          ||     1
Armor: Leather armour    ||     1
Dodge: Dodged            ||    10

Table legend: (Time is in decaauts)
 A = Elapsed time spent in this place.
 B = Non-inter-level travel time spent in this place.
 C = Inter-level travel time spent in this place.
 D = Time resting spent in this place.
 E = Time spent auto-exploring this place.
 F = Levels seen in this place.
 G = Mean time per level.
                   A        B        C        D        E       F      G
               +--------+--------+--------+--------+--------+-----+--------+
         Total |    245 |    245 |      0 |      0 |     33 |   2 |  122.5 |
       Dungeon |    245 |    245 |      0 |      0 |     33 |   2 |  122.5 |
               +--------+--------+--------+--------+--------+-----+--------+

Top non-repeatable levels by time:
     D:5: 207 daAuts
     D:4: 37 daAuts
